 Dungeon Crawl Stone Soup version 0.26.1-11-gd32895ea62 (webtiles) character file.

Game seed: 3931791725106336040

1315 infcreate the Sneak (level 8, -2/45 HPs)
             Began as a Vampire Necromancer on July 16, 2021.
             Was a Follower of Kikubaaqudgha.
             Slain by a killer bee (4 damage)
             ... on level 7 of the Dungeon.
             The game lasted 00:22:51 (7292 turns).

infcreate the Sneak (Vampire Necromancer)           Turns: 7292, Time: 00:22:52

Health: -2/45      AC:  2    Str:  7    XL:     8   Next: 33%
Magic:  3/13       EV: 20    Int: 18    God:    Kikubaaqudgha [*.....]
Gold:   334        SH:  0    Dex: 16    Spells: 5/14 levels left

rFire    . . .     SeeInvis +   f - +2 short sword (flame)
rCold    + + .     Faith    .   (no shield)
rNeg     + + +     Spirit   .   a - +0 robe
rPois    ∞         Reflect  .   (no helmet)
rElec    .         Harm     .   (no cloak)
rCorr    .         Rampage  .   (no gloves)
Will     .....                  (no boots)
Stlth    ++++++....             (no amulet)
HPRegen  0.00/turn              E - +4 ring of evasion
MPRegen  0.13/turn              (no ring)

@: about to teleport, bloodless
A: fangs 3, see invisible, unbreathing
a: Bat Form, Revivify, Renounce Religion, Receive Corpses


You were on level 7 of the Dungeon.
You worshipped Kikubaaqudgha.
Kikubaaqudgha was aware of your devotion.
You visited 2 branches of the dungeon, and saw 8 of its levels.

You collected 334 gold pieces.


Innate Abilities, Weirdness & Mutations

You do not regenerate when monsters are visible.
You are frail without blood (-20% HP).
You can heal yourself when you bite living creatures.
You are immune to poison.
You have razor-sharp teeth.
You have supernaturally acute eyesight. (SInv)
You can survive without breathing.


   Skills:
 + Level 2.7 Fighting
 + Level 3.5 Short Blades
 * Level 5.6 Dodging
 * Level 7.9 Stealth
 + Level 3.5 Spellcasting
 * Level 6.9 Necromancy


You had 5 spell levels left.
You knew the following spells:

 Your Spells              Type           Power        Failure   Level
a - Animate Skeleton      Necr           56%          1%          1
d - Animate Dead          Necr           14%          9%          4
p - Pain                  Necr           100%         1%          1
v - Vampiric Draining     Necr           14%          2%          3

Your spell library contained the following spells:

 Spells                   Type           Power        Failure   Level
 Sublimation of Blood     Necr           14%          1%          2
 Agony                    Necr           28%          26%         5

Inventory:

Hand Weapons
 f - a +2 short sword of flaming (weapon)
Armour
 a - a +0 robe (worn)
Jewellery
 E - a +4 ring of evasion (left hand)
Scrolls
 b - 2 scrolls of remove curse {@r2}
 c - 5 scrolls of teleportation {@r4}
 d - a scroll of enchant weapon {unknown}
 h - 2 scrolls of fear
 i - 2 scrolls of blinking
 o - 5 scrolls of identify {@r1}
 q - a scroll of noise
 t - a scroll of immolation {unknown}
Potions
 e - a potion of heal wounds {unknown}
 g - a potion of flight {unknown}
 j - 7 potions of curing {@q1}
 k - a potion of invisibility {unknown}
 l - a potion of resistance {unknown}
 m - 2 potions of might
 n - a potion of attraction {unknown}
 p - a potion of degeneration {unknown}
 r - a potion of lignification {unknown}
 s - a potion of mutation {unknown}

Dungeon Overview and Level Annotations

Branches:
Dungeon (7/15)             Temple (1/1) D:4

Altars:
Cheibriados
Fedhas
Hepliaklqana
Kikubaaqudgha
Makhleb
Ru
Sif Muna
Trog
Yredelemnul
Zin
The Shining One

......▓ .▓▓▓▓.▓
.▓▓▓▓.▓▓▓▓▓▓▓
............▓
.▓▓▓▓)▓▓▓▓▓.▓▓▓▓▓▓
...)).▓ ▓......▓
▓.▓▓▓▓▓ ▓▓▓▓▓▓.▓
▓.▓ ▓.▓ ▓.▓
▓▓@▓▓▓▓▓▓ ▓..
▓.yy....▓ ▓.▓
▓..▓▓▓▓.▓ ..▓
▓..▓▓▓▓.▓ ...
▓....▓▓.▓ ....
▓.▓▓.▓▓.▓ ▓....▓
▓.▓▓y▓▓.▓ ......
▓......)▓ .▓...▓▓
▓▓▓▓.▓▓▓▓


You could see 2 killer bees.


Message History

* * * LOW HITPOINT WARNING * * *
The killer bee barely misses you.
Casting: Vampiric Draining (dangerous; 2% risk of failure)
Confirm with . or Enter, or press ? or * to list all spells.
Aiming: Vampiric Draining (dangerous; 2% risk of failure)
Press: ? - help, Shift-Dir - straight line, f - killer bee
Aim: a killer bee The killer bee is severely wounded.
You feel life coursing into your body. The killer bee stings you.
* * * LOW HITPOINT WARNING * * *
The killer bee misses you. The killer bee closely misses you.
The killer bee misses you. The killer bee closely misses you.
The killer bee barely misses you. The killer bee closely misses you.
Okay, then.
The killer bee misses you. The killer bee closely misses you.
Blink to where?
Press: ? - help, Dir - move target, p - killer bee
As you read the scroll of blinking, it crumbles to dust.
The killer bee stings you.
* * * LOW HITPOINT WARNING * * *
The killer bee stings you.
* * * LOW HITPOINT WARNING * * *
As you read the scroll of teleportation {@r4}, it crumbles to dust.
You feel strangely unstable. The killer bee barely misses you.
The killer bee stings you.
You die...
Kikubaaqudgha rasps: "You have failed me!
Welcome... oblivion!"

Skill      XL: |  1  2  3  4  5  6  7 |
---------------+----------------------+-----
Short Blades   | 1 2 3 |  3.5
Stealth        | 4 5 6 7 |  7.9
Dodging        | 3 4 5 |  5.6
Fighting       | 1 2 |  2.7
Necromancy     | 5 6 |  6.9
Spellcasting   | 3 |  3.5

Action                   |  1- 3 |  4- 6 |  7- 9 || total
-------------------------+-------+-------+-------++-------
Melee: Dagger            |     9 |    10 |       ||    19
       Short sword       |       |    26 |   101 ||   127
       Bite              |       |     5 |     7 ||    12
 Cast: Pain              |    56 |   125 |    40 ||   221
       Vampiric Draining |       |       |    11 ||    11
 Abil: Exsanguinate      |     1 |       |       ||     1
  Use: Scroll            |     4 |     6 |     4 ||    14
 Stab: Sleeping          |     8 |    13 |     7 ||    28
Armor: Robe              |     1 |     8 |     8 ||    17
Dodge: Dodged            |     6 |    41 |   111 ||   158

Levels and vault maps discovered:
D:1:      dpeg_arrival_ratfight, layout_loops_cross
D:2:      layout_loops_cross, nicolae_ru_awakened_eye
D:3:      layout_loops_ring, chequers_ecumenical_altar_lobes
D:4:      layout_basic, minmay_temple_entry_poolview
D:5:      layout_gridville, minmay_misc_feat_hallway
D:6:      layout_loops_ring, basic_altar
D:7:      layout_loops_cross, gammafunk_temple_overflow_elements, basic_altar
Temple:   regret_index_temple_mists

Notes
Turn   | Place    | Note
-------+----------+-------------------------------------------
     0 | D:1      | infcreate the Vampire Necromancer began the quest for the
                  | Orb.
     0 | D:1      | Reached XP level 1. HP: 13/13 MP: 3/3
   266 | D:1      | Reached XP level 2. HP: 15/15 MP: 3/5
   274 | D:1      | Learned a level 1 spell: Animate Skeleton
   642 | D:1      | Reached XP level 3. HP: 20/20 MP: 4/6
   646 | D:1      | Learned a level 3 spell: Vampiric Draining
   804 | D:1      | Reached skill level 1 in Short Blades
   885 | D:1      | Reached skill level 4 in Stealth
  1328 | D:2      | Found a sacrificial altar of Ru.
  1338 | D:2      | Reached XP level 4. HP: 14/24 MP: 1/7
  1373 | D:2      | Reached skill level 3 in Dodging
  2619 | D:3      | Reached skill level 1 in Fighting
  2758 | D:3      | Reached skill level 5 in Necromancy
  3159 | D:3      | Found a faded altar of an unknown god.
  3258 | D:4      | Reached XP level 5. HP: 29/29 MP: 8/8
  3285 | D:4      | Found a staircase to the Ecumenical Temple.
  3294 | Temple   | Entered the Ecumenical Temple
  3309 | Temple   | Became a worshipper of Kikubaaqudgha
  3442 | D:4      | Reached skill level 5 in Stealth
  3684 | D:4      | Reached skill level 2 in Short Blades
  3723 | D:4      | Reached XP level 6. HP: 30/34 MP: 5/9
  4388 | D:5      | Entered Level 5 of the Dungeon
  4541 | D:5      | Noticed an orc warrior
  4558 | D:4      | Reached skill level 4 in Dodging
  5095 | D:5      | Reached skill level 6 in Stealth
  5138 | D:5      | Reached XP level 7. HP: 39/39 MP: 3/11
  5203 | D:5      | Reached skill level 2 in Fighting
  5249 | D:5      | Reached skill level 3 in Spellcasting
  5249 | D:5      | Reached skill level 6 in Necromancy
  5413 | D:5      | Reached * piety under Kikubaaqudgha
  5413 | D:5      | Identified Kikubaaqudgha's Reference Book on Stolen Souls
                  | (Kikubaaqudgha gifted it to you on level 5 of the Dungeon)
  5413 | D:5      | Received a gift from Kikubaaqudgha
  6147 | D:6      | Reached skill level 3 in Short Blades
  6147 | D:6      | Reached skill level 5 in Dodging
  6147 | D:6      | Reached skill level 7 in Stealth
  6158 | D:5      | Learned a level 4 spell: Animate Dead
  6422 | D:6      | Reached XP level 8. HP: 38/45 MP: 3/12
  6602 | D:6      | Found a basalt altar of Yredelemnul.
  7276 | D:7      | HP: 2/45 [killer bee (10)]
  7290 | D:7      | HP: 3/45 [killer bee (2)]
  7292 | D:7      | Slain by a killer bee

Vanquished Creatures
  An orc warrior (D:5)
  A phantom (D:6)
  An ogre (D:5)
  A centaur (D:6)
  A big kobold (D:7)
  A bullfrog (D:6)
  3 killer bees (D:7)
  A centaur zombie (D:5)
  A hound (D:4)
  2 bullfrog skeletons (D:5)
  6 orc wizards
  An orc priest (D:4)
  A worker ant (D:4)
  2 iguanas
  2 hound skeletons
  A worker ant zombie (D:5)
  4 gnolls (D:5)
  A howler monkey skeleton (D:4)
  8 adders
  3 white imps
  3 oozes
  An adder skeleton (D:6)
  A dart slug (D:1)
  3 worms
  3 leopard geckos
  14 orcs
  3 ball pythons
  5 goblins
  11 hobgoblins
  5 jackals
  13 kobolds
  2 quokkas
  9 bats
  5 frilled lizards
  A quokka zombie (D:7)
  13 rats
134 creatures vanquished.

Vanquished Creatures (others)
  6 plants (D:3)
6 creatures vanquished.

Grand Total: 140 creatures vanquished

Table legend: (Time is in decaauts)
 A = Elapsed time spent in this place.
 B = Non-inter-level travel time spent in this place.
 C = Inter-level travel time spent in this place.
 D = Time resting spent in this place.
 E = Time spent auto-exploring this place.
 F = Levels seen in this place.
 G = Mean time per level.
                   A        B        C        D        E       F      G
               +--------+--------+--------+--------+--------+-----+--------+
         Total |   7309 |   6459 |    850 |   2300 |      0 |   8 |  913.6 |
       Dungeon |   7269 |   6437 |    832 |   2300 |      0 |   7 | 1038.4 |
        Temple |     39 |     21 |     18 |      0 |      0 |   1 |   39.0 |
               +--------+--------+--------+--------+--------+-----+--------+

Top non-repeatable levels by time:
     D:4: 1559 daAuts
     D:5: 1350 daAuts
     D:2: 1317 daAuts
     D:3: 972 daAuts
     D:1: 945 daAuts
     D:6: 719 daAuts
     D:7: 405 daAuts
  Temple: 39 daAuts

Table legend:
 A = Non-vault XP
 B = Vault XP
 C = Vault XP percentage of total XP
 D = Non-vault monster count
 E = Vault monster count
 F = Vault count percentage of total count
                 A         B        C        D         E       F
            +---------+---------+-------+---------+---------+-------
      Total |    1874 |       5 |   0.3 |     129 |       5 |   3.7
            +---------+---------+-------+---------+---------+-------
        D:1 |      60 |       5 |   7.7 |      21 |       5 |  19.2
        D:2 |      65 |       0 |   0.0 |      22 |       0 |   0.0
        D:3 |      65 |       0 |   0.0 |      24 |       0 |   0.0
        D:4 |     331 |       0 |   0.0 |      19 |       0 |   0.0
        D:5 |     523 |       0 |   0.0 |      18 |       0 |   0.0
        D:6 |     460 |       0 |   0.0 |      12 |       0 |   0.0
        D:7 |     370 |       0 |   0.0 |      13 |       0 |   0.0
            +---------+---------+-------+---------+---------+-------
